 Dungeon Crawl Stone Soup version 0.25.1-8-g42b30a86e7 (webtiles) character file.

Game seed: 5508530395029852965

36 gruber the Chiller (level 3, 24/24 HPs)
             Began as a Demonspawn Ice Elementalist on Dec 19, 2020.
             Quit the game on level 2 of the Dungeon.
             The game lasted 00:01:40 (1327 turns).

gruber the Chiller (Demonspawn Ice Elementalist)    Turns: 1327, Time: 00:01:41

Health: 24/24      AC:  2    Str:  8    XL:     3   Next: 19%
Magic:  1/6        EV: 12    Int: 17    God:
Gold:   69         SH:  0    Dex: 13    Spells: 5/6 levels left

rFire    . . .     SeeInvis .   g - +0 dagger
rCold    . . .     Gourm    .   (no shield)
rNeg     + . .     Faith    .   a - +0 robe
rPois    .         Spirit   .   (no helmet)
rElec    .         Reflect  .   (no cloak)
rCorr    .         Harm     .   (no gloves)
MR       .....                  (no boots)
Stlth    ++........             l - amulet of inaccuracy (curse)
HPRegen  0.08/turn              o - ring of positive energy (curse)
MPRegen  0.10/turn              (no ring)

@: no status effects
A: hooves 1
a: no special abilities


You were on level 2 of the Dungeon.
You were not hungry.

You visited 1 branch of the dungeon, and saw 2 of its levels.

You collected 69 gold pieces.

Inventory:

Hand Weapons
 g - a +0 dagger (weapon)
Armour
 a - a +0 robe (worn)
Jewellery
 l - a cursed amulet of inaccuracy (around neck)
 o - a cursed ring of positive energy (left hand)
Scrolls
 b - a scroll of enchant weapon {unknown}
 d - a scroll of remove curse {unknown}
 j - a scroll of identify {unknown}
 k - a scroll of teleportation {unknown}
Potions
 e - 2 potions of mutation {unknown}
 f - a potion of curing {unknown}
 i - a potion of stabbing {unknown}
 m - a potion of flight {unknown}
 n - a potion of ambrosia {unknown}
 p - a potion of brilliance {unknown}
Comestibles
 c - 5 rations
 h - 6 chunks of flesh


   Skills:
 - Level 1.7 Dodging
 - Level 1.7 Stealth
 - Level 2.0 Spellcasting
 + Level 4.6 Ice Magic


You had 5 spell levels left.
You knew the following spells:

 Your Spells              Type           Power        Failure   Level  Hunger
a - Freeze                Ice            ###.         2%          1    #......

Your spell library contained the following spells:

 Spells                   Type           Power        Failure   Level  Hunger
 Frozen Ramparts          Ice            ###...       9%          3    ###....
 Ozocubu's Armour         Chrm/Ice       #.......     22%         3    ###....
 Hailstorm                Conj/Ice       #.......     58%         4    #####..
 Summon Ice Beast         Ice/Summ       #.......     58%         4    #####..


Dungeon Overview and Level Annotations

Branches:
Dungeon (2/15)

Altars:


Innate Abilities, Weirdness & Mutations

You have large cloven feet.


Message History

Unknown command.
An adder is nearby!
An adder is nearby!
Casting: Freeze (safe; 3% risk of failure)
Confirm with . or Enter, or press ? or * to list all spells.
Aiming: Freeze (safe; 3% risk of failure)
Press: ? - help, Shift-Dir - straight line, f/p - adder
Aim: an adder (severely wounded)
You freeze the adder.
You kill the adder!
You have reached level 3!
Your experience leads to an increase in your attributes!
Increase (S)trength, (I)ntelligence, or (D)exterity?
You feel clever.
Are you sure you want to abandon this character and quit the game? (Confirm with "yes".)
Okay, then.
Unknown command.
Unknown command.
Unknown command.
Are you sure you want to abandon this character and quit the game? (Confirm with "yes".)

#...# #...# +...+ #...# #...#
#..%# # ################...#
######. . .............†@..#
#...... #####........###.###.#
##...... ##.....÷.....#.#.# #.#
#....... .............+.#.# #.#
#....... .#.##.......<#.#.# #.#
#....... .#...........#.#.#
#.#####...###+
.#########.#.#.#'###.##..........
..(........#.........##..........
.###########..#......##..........


There were no monsters in sight!

Vanquished Creatures
  An adder (D:2)
  2 dart slugs
  3 bats
  4 goblins (D:1)
  A hobgoblin (D:1)
  5 kobolds
  4 frilled lizards
  3 rats
23 creatures vanquished.

Notes
Turn   | Place    | Note
-------+----------+-------------------------------------------
     0 | D:1      | gruber the Demonspawn Ice Elementalist began the quest for
                  | the Orb.
     0 | D:1      | Reached XP level 1. HP: 13/13 MP: 3/3
   409 | D:1      | Reached skill level 4 in Ice Magic
   488 | D:1      | Gained mutation: You have large cloven feet. [demonic
                  | ancestry]
   488 | D:1      | Reached XP level 2. HP: 15/19 MP: 1/5
  1326 | D:2      | Reached XP level 3. HP: 24/24 MP: 1/6
  1327 | D:2      | Quit the game

Illustrated notes

Levels and vault maps discovered:
D:1:      lemuel_arrival_river_ford, layout_basic
D:2:      minmay_evil_eye, layout_basic

Skill      XL: |  1 |
---------------+----+-----
Ice Magic      | 4 |  4.6
Dodging        | |  1.7
Stealth        | |  1.7
Spellcasting   | |  2.0

Action                   || total
-------------------------++-------
Melee: Dagger            ||    20
       Unarmed           ||     1
       Kick              ||     1
 Cast: Freeze            ||    29
  Eat: Chunk             ||     2
Armor: Robe              ||     8
Dodge: Dodged            ||    22
